 Dungeon Crawl Stone Soup version 0.20.1-1-g8b1a95d (webtiles) character file.

8024 minmayStuckAtMickeyD the Grappler (level 11, -1/126 HPs)
             Began as an Ogre Transmuter on July 22, 2017.
             Was a Believer of Cheibriados.
             Slain by a yak (5 damage)
             ... on level 10 of the Dungeon.
             The game lasted 00:24:16 (10593 turns).

minmayStuckAtMickeyD the Grappler (OgTm)           Turns: 10593, Time: 00:24:16

Health: -1/126     AC:  2    Str: 20    XL:     11   Next: 24%
Magic:  19/23      EV: 27    Int: 21    God:    Cheibriados [**....]
Gold:   92         SH:  0    Dex: 20    Spells: 9/24 levels left

rFire    . . .     SeeInvis .     - Unarmed
rCold    . . .     Gourm    .   (shield currently unavailable)
rNeg     . . .     Faith    .   (armour currently unavailable)
rPois    x         Spirit   .   (helmet currently unavailable)
rElec    .         Reflect  .   (cloak currently unavailable)
rCorr    .         Harm     .   (gloves unavailable)
MR       ++...                  (boots unavailable)
Stlth    ++........             (no amulet)
Regen    0.4/turn               t - ring of protection from magic
MPRegen  0.2/turn               H - ring of flight

@: spider-form (expiring), very slow
A: unfitting armour, thin skeletal structure 1, blink, high mp 1, robust 1
a: End Transformation, Blink, Bend Time, Renounce Religion, Evoke Flight


You were on level 10 of the Dungeon.
You worshipped Cheibriados.
Cheibriados was pleased with you.
You were not hungry.
You were a venomous arachnid creature.
You visited 2 branches of the dungeon, and saw 11 of its levels.

You collected 426 gold pieces.
You spent 334 gold pieces at shops.

Inventory:

Missiles
 a - 266 arrows
 h - 5 large rocks (quivered)
Armour
 b - a +0 robe (melded)
 m - a +2 cloak of poison resistance (melded)
Jewellery
 t - a ring of protection from magic (left front leg)
 H - a ring of flight (right front leg)
 I - an uncursed ring of protection from cold {unknown}
Wands
 j - a wand of scattershot (3/9)
 y - a wand of iceblast (6/15)
 B - a wand of acid (9/15)
 G - a wand of disintegration (11/24)
Scrolls
 e - 2 scrolls of fog {unknown}
 n - 3 scrolls of remove curse
 o - a scroll of noise {unknown}
 s - 3 scrolls of enchant armour
 u - 2 scrolls of teleportation {unknown}
 v - a scroll of enchant weapon {unknown}
 w - 4 scrolls of amnesia {unknown}
 x - a scroll of torment {unknown}
 D - a scroll of magic mapping {unknown}
 E - a scroll of identify
 J - a scroll of blinking {unknown}
Potions
 i - a potion of heal wounds
 k - a potion of cancellation {unknown}
 l - 4 potions of curing
 p - a potion of ambrosia {unknown}
 q - 3 potions of might {unknown}
 r - 6 potions of agility {unknown}
 z - a potion of degeneration {unknown}
 C - a potion of haste {unknown}
 F - a potion of lignification {unknown}
 K - a potion of resistance {unknown}
Books
 c - a book of Changes

   Spells                             Type                      Level
   a - Beastly Appendage              Transmutation                1
   b - Sticks to Snakes               Transmutation                2
   c - Spider Form                    Transmutation/Poison         3
   d - Ice Form                       Ice/Transmutation            4
   e - Blade Hands                    Transmutation                5
Comestibles
 d - 6 bread rations
 f - 11 royal jellies
 g - 13 fruits
 A - 2 meat rations


   Skills:
 + Level 9.1 Fighting
 - Level 7.1 Dodging
 - Level 9.1 Unarmed Combat
 - Level 7.0 Spellcasting
 - Level 7.6 Transmutations


You had 9 spell levels left.
You knew the following spells:

 Your Spells              Type           Power        Failure   Level  Hunger
a - Beastly Appendage     Tmut           #####.       3%          1    None
b - Sticks to Snakes      Tmut           #####...     3%          2    None
c - Spider Form           Tmut/Pois      ###.......   16%         3    #......
d - Ice Form              Ice/Tmut       ###.....     38%         4    ###....
e - Blade Hands           Tmut           #####.....   26%         5    #####..


Dungeon Overview and Level Annotations

Branches:
Dungeon (10/15)            Temple (1/1) D:5            Lair (0/6) D:9
    Orc (0/2) D:9

Altars:
Ashenzari
Cheibriados
Dithmenos
Elyvilon
Fedhas
Gozag
Hepliaklqana
Kikubaaqudgha
Makhleb
Nemelex Xobeh
Okawaru
Qazlal
Ru
Sif Muna
Trog
Uskayaw
Vehumet
Xom
Yredelemnul
Zin
The Shining One

Shops:
D:5 (   D:7 *   D:9 (*   D:10 *


Innate Abilities, Weirdness & Mutations

You are too large for most types of armour.
((You have tough skin. (AC +1)))
((You are partially covered in slimy green scales. (AC +2)))
You have a somewhat thin skeletal structure. (Dex +2, Stealth)
You can translocate small distances at will.
You have an increased reservoir of magic. (+10% MP)
You are robust. (+10% HP)


Message History

Unknown command.
You barely miss the yak.
The yak is almost dead.
You kill the yak!
Cheibriados thoroughly appreciates the change of pace.
Your Fighting skill increases to level 9!
The yak completely misses you.
Unknown command.
You bite the yak!
The yak is poisoned.
The yak is moderately wounded.
The yak gores you!
* * * LOW HITPOINT WARNING * * *
Unknown command.
You bite the yak!
The yak looks as sick as possible!
The yak is severely wounded.
Unknown command.
You hit the yak.
The yak looks as sick as possible!
The yak is severely wounded.
The yak gores you.
You die...

.........).........
....................
.....................
.......<.............
.....................
.....................
........(.............
.............((Y††).......
.............(.†s.###.....
..................# ....
..................## :..
..................... ..
.......###........... .
.......# #............
.......###............
.......................
....................


You could see a yak.

Vanquished Creatures
  A two-headed ogre (D:9)
  An unseen horror (D:9)
  Pikel (D:4)
  A hornet (D:9)
  A hippogriff (D:7)
  8 yaks
  2 wyverns
  Eustachio (D:4)
  A human (D:9)
  2 hogs (D:9)
  2 porcupines (D:9)
  3 orc warriors
  2 ice beasts
  2 sky beasts
  2 phantoms
  A black bear (D:8)
  6 ogres
  8 centaurs
  A crocodile (D:9)
  2 bullfrogs
  2 scorpions
  A howler monkey (D:9)
  4 crimson imps
  3 bullfrog zombies
  3 jellies
  4 hounds
  2 orc priests
  5 orc wizards
  4 bullfrog skeletons
  3 iguanas
  8 worker ants
  A killer bee zombie (D:7)
  A hound skeleton (D:3)
  A howler monkey zombie (D:5)
  13 adders
  3 shadow imps
  3 oozes
  2 adder zombies
  An adder skeleton (D:5)
  3 worms
  3 dart slugs
  7 leopard geckos
  39 orcs
  6 bats
  8 giant cockroaches
  2 goblins
  5 hobgoblins
  9 jackals
  4 kobolds
  5 quokkas
  6 frilled lizards
  A giant cockroach zombie (D:6)
  A jackal skeleton (D:4)
  11 rats
222 creatures vanquished.

Vanquished Creatures (collateral kills)
  2 jellies
  An orc wizard (D:8)
  4 adders
  4 orcs
  A bat (D:1)
12 creatures vanquished.

Vanquished Creatures (others)
  6 fungi (D:9)
  4 plants (D:9)
10 creatures vanquished.

Grand Total: 244 creatures vanquished

Notes
Turn   | Place    | Note
-------+----------+-------------------------------------------
     0 | D:1      | minmayStuckAtMickeyD the Ogre Transmuter began the quest for the Orb.
     0 | D:1      | Reached XP level 1. HP: 19/19 MP: 3/3
    64 | D:1      | Reached XP level 2. HP: 20/29 MP: 5/5
   266 | D:1      | Learned a level 2 spell: Sticks to Snakes
   600 | D:1      | Reached XP level 3. HP: 30/39 MP: 3/6
   746 | D:1      | Learned a level 3 spell: Spider Form
  1467 | D:2      | Reached skill level 5 in Fighting
  1467 | D:2      | Reached XP level 4. HP: 42/50 MP: 3/7
  1887 | D:2      | Found a shattered altar of Ashenzari.
  2357 | D:3      | Reached XP level 5. HP: 46/59 MP: 8/8
  3266 | D:4      | Noticed Eustachio
  3280 | D:4      | Killed Eustachio
  3280 | D:4      | Reached skill level 5 in Spellcasting
  3280 | D:4      | Reached XP level 6. HP: 61/67 MP: 6/13
  3290 | D:4      | Learned a level 4 spell: Ice Form
  3638 | D:4      | Noticed Pikel
  3638 | D:4      | Noticed a slave
  3640 | D:4      | Noticed a slave
  3641 | D:4      | Noticed a slave
  3643 | D:4      | Noticed a slave
  3655 | D:4      | Killed Pikel
  3655 | D:4      | Reached skill level 5 in Transmutations
  3655 | D:4      | Reached XP level 7. HP: 40/75 MP: 9/14
  3655 | D:4      | Reached XP level 8. HP: 44/83 MP: 9/15
  4332 | D:5      | Entered Level 5 of the Dungeon
  4347 | D:5      | Reached skill level 5 in Unarmed Combat
  4461 | D:5      | Found a staircase to the Ecumenical Temple.
  4472 | D:5      | Found Qotiwk's Weapon Boutique.
  4579 | Temple   | Entered the Ecumenical Temple
  5429 | D:6      | Reached XP level 9. HP: 89/89 MP: 12/16
  5463 | D:6      | Found a bloodstained altar of Trog.
  5463 | D:6      | Found a glowing silver altar of Zin.
  6786 | D:6      | Gained mutation: You passively map a small area around you. [mutagenic meat]
  6787 | D:6      | Gained mutation: Scrolls take you a little longer to read. [mutagenic meat]
  6788 | D:6      | Gained mutation: Armour fits poorly on your strangely shaped body. [mutagenic meat]
  6789 | D:6      | Gained mutation: You expend magic power (3 MP) to strengthen your wands. [mutagenic meat]
  6790 | D:6      | Gained mutation: Your movements are slightly less encumbered by armour. (ER -2) [mutagenic meat]
  6791 | D:6      | Gained mutation: Scrolls take you longer to read. [mutagenic meat]
  7090 | D:6      | Lost mutation: You passively map a small area around you. [potion of mutation]
  7090 | D:6      | Lost mutation: You expend magic power (3 MP) to strengthen your wands. [potion of mutation]
  7090 | D:6      | Lost mutation: Scrolls take you longer to read. [potion of mutation]
  7090 | D:6      | Gained mutation: You can translocate small distances at will. [potion of mutation]
  7090 | D:6      | Gained mutation: You are partially covered in slimy green scales. (AC +2) [potion of mutation]
  7201 | D:7      | Found Gofusch's General Store.
  7223 | D:7      | Lost mutation: Scrolls take you a little longer to read. [potion of mutation]
  7223 | D:7      | Lost mutation: Armour fits poorly on your strangely shaped body. [potion of mutation]
  7223 | D:7      | Lost mutation: Your movements are slightly less encumbered by armour. (ER -2) [potion of mutation]
  7223 | D:7      | Gained mutation: You have a somewhat thin skeletal structure. (Dex +2, Stealth) [potion of mutation]
  7223 | D:7      | Gained mutation: You have an increased reservoir of magic. (+10% MP) [potion of mutation]
  7223 | D:7      | Gained mutation: You are robust. (+10% HP) [potion of mutation]
  7224 | D:7      | Bought a +2 cloak of poison resistance for 259 gold pieces
  7271 | D:7      | Learned a level 5 spell: Blade Hands
  7647 | D:7      | Found a blossoming altar of Fedhas.
  7902 | D:7      | Found a deep blue altar of Sif Muna.
  7902 | D:7      | Found a snail-covered altar of Cheibriados.
  8327 | D:8      | Reached XP level 10. HP: 80/107 MP: 16/21
  8350 | D:8      | Found a flagged portal.
  8726 | D:9      | Found Kigufo's Weapon Shop.
  8727 | D:9      | Found a staircase to the Orcish Mines.
  8897 | D:7      | Found a radiant altar of Vehumet.
  8910 | D:7      | Became a worshipper of Cheibriados the Contemplative
  8976 | D:9      | Found Fompopn's General Store.
  8981 | D:9      | Bought a potion of heal wounds for 75 gold pieces
  9159 | D:9      | Reached * piety under Cheibriados
  9567 | D:9      | Reached skill level 5 in Dodging
 10155 | D:9      | Killed an unseen horror
 10155 | D:9      | Reached XP level 11. HP: 73/115 MP: 18/23
 10312 | D:9      | Found a staircase to the Lair.
 10315 | D:9      | Noticed a two-headed ogre
 10324 | D:9      | Killed a two-headed ogre
 10519 | D:10     | Entered Level 10 of the Dungeon
 10527 | D:10     | Found Alumemiz's Assorted Antiques.
 10581 | D:10     | Reached ** piety under Cheibriados
 10591 | D:10     | HP: 4/126 [yak (16)]
 10593 | D:10     | Slain by a yak

Skill      XL: |  1  2  3  4  5  6  7  8  9 10 11 |
---------------+----------------------------------+-----
Fighting       | 2 3 5 6 9 |  9.1
Spellcasting   | 5 6 7 |  7.0
Unarmed Combat | 3 7 9 |  9.1
Transmutations | 5 6 7 |  7.6
Dodging        | 7 |  7.1

Action                   |  1- 3 |  4- 6 |  7- 9 | 10-12 || total
-------------------------+-------+-------+-------+-------++-------
Melee: Unarmed           |   145 |   137 |   284 |   214 ||   780
       Kick              |    13 |    13 |     2 |       ||    28
       Headbutt          |     3 |     3 |       |       ||     6
       Punch             |     2 |     1 |     6 |     4 ||    13
 Cast: Beastly Appendage |    20 |    10 |     3 |       ||    33
       Sticks to Snakes  |     5 |     4 |     8 |     2 ||    19
       Spider Form       |       |    12 |    28 |     5 ||    45
       Blade Hands       |       |       |       |    13 ||    13
Invok: Bend Time         |       |       |       |     1 ||     1
 Abil: End Transformatio |       |     2 |       |       ||     2
  Use: Potion            |       |       |     4 |     1 ||     5
       Scroll            |       |       |       |     7 ||     7
 Stab: Distracted        |       |       |     1 |       ||     1
       Sleeping          |       |       |     1 |       ||     1
  Eat: Chunk             |     3 |     4 |    24 |     9 ||    40
       Bread ration      |       |     1 |       |       ||     1
Armor: Robe              |    32 |    25 |    23 |    33 ||   113
       Skin              |       |     7 |     9 |     3 ||    19
Dodge: Dodged            |    89 |   116 |   191 |   172 ||   568
